 Dungeon Crawl Stone Soup version 0.29-a0-1019-g84f7d21838 (webtiles) character file.

Game seed: 798487772820320113

4839 IdlyInterested the Slicer (level 10, -5/71 HPs)
             Began as a Demonspawn Gladiator on Aug 10, 2022.
             Was a Follower of Ashenzari.
             Slain by a two-headed ogre
             ... wielding a +2 great mace of flaming
              (27 damage)
             ... on level 8 of the Dungeon.
             The game lasted 00:31:51 (9833 turns).

IdlyInterested the Slicer (Demonspawn Gladiator)    Turns: 9833, Time: 00:31:51

Health: -5/71      AC: 14    Str: 14    XL:     10   Next: 25%
Magic:  0/16       EV: 13    Int: 13    God:    Ashenzari [*.....]
Gold:   191        SH:  6    Dex: 22    Spells: 14/17 levels left

rFire   + . .      SeeInvis .   N - +5 dagger
rCold   + . .      Faith    .   g - +0 buckler
rNeg    . . .      Spirit   +   G - +3 leather armour
rPois   +          Reflect  .   c - +2 helmet of Supernal Gnosis {Fort, Elem} (curse)
rElec   +          Harm     .   (no cloak)
rCorr   +          Rampage  .   v - +0 pair of gloves
Will    .....      Archmagi +   E - +1 pair of boots
Stlth   ++........              r - amulet of guardian spirit
HPRegen 0.21/turn               K - ring of the Mage {Wiz Archmagi, Cun, Evo} (curse)
MPRegen 0.30/turn               u - +6 ring of dexterity

@: mighty, resistant, very slightly contaminated, hasted, very quick
A: claws 1, powered by pain 1, magic regeneration, sharp scales 2
a: Renounce Religion, Shatter the Chains


You were on level 8 of the Dungeon.
You worshipped Ashenzari.
Ashenzari was aware of your devotion.
You visited 2 branches of the dungeon, and saw 9 of its levels.

You collected 446 gold pieces.
You spent 255 gold pieces at shops.

Inventory:

Hand Weapons
 a - a +0 rapier
 p - a +1 dagger of electrocution
 L - a +2 short sword
 N - a +5 dagger (weapon)
 P - a +3 dagger
Missiles
 e - a javelin
 h - 13 poisoned darts
 l - 3 throwing nets
 x - 4 boomerangs
Armour
 c - the cursed +2 helmet of Supernal Gnosis (worn) {Fort, Elem}

   It has a curse which improves the following skills: Fortitude: Armour and
   Shields.
   Elements:  Fire Magic, Ice Magic, Air Magic and Earth Magic.
 g - a +0 buckler (worn)
 j - a +0 pair of gloves
 v - a +0 pair of gloves (worn)
 y - a +0 helmet
 z - a +0 helmet
 E - a +1 pair of boots (worn)
 G - a +3 leather armour (worn)
 M - the +3 chain mail "Kacziq" {Will+}
   (You took it off a wight on level 7 of the Dungeon)

   Will:      It increases your willpower.
 S - a +0 pair of boots
Magical Staves
 D - a staff of poison
Jewellery
 f - a +4 ring of protection
 m - a ring of resist corrosion
 r - an amulet of guardian spirit (around neck)
 u - a +6 ring of dexterity (right hand)
 J - a ring of poison resistance
 K - the cursed ring of the Mage (left hand) {Wiz Archmagi, Cun, Evo}
   (You took it off a wight on level 7 of the Dungeon)

   [ring of wizardry]

   It improves your spell success rate.
   Archmagi:  It increases the power of your magical spells.
   It has a curse which improves the following skills: Cunning: Dodging and
   Stealth.
   Evocations: Evocations.
 R - a ring of protection from cold
Wands
 d - a wand of mindburst (6)
 k - a wand of flame (30) (quivered)
 q - a wand of roots (7)
Scrolls
 n - 3 scrolls of teleportation
 w - a scroll of butterflies
 A - a scroll of fear
Potions
 b - a potion of mutation
 i - a potion of resistance
 o - 7 potions of curing
 s - a potion of flight
 t - a potion of haste
 B - a potion of brilliance
 C - a potion of attraction
 F - a potion of magic
 H - a potion of might
 I - a potion of ambrosia
 O - 2 potions of heal wounds
 Q - a potion of cancellation


   Skills:
 - Level 4.0 Fighting
 * Level 11.8 Short Blades
 - Level 1.7 Throwing
 - Level 2.6(3.4) Dodging
 - Level 4.0(4.7) Shields
 - Level 4.0 Spellcasting
 - Level 4.0 Conjurations


You had 14 spell levels left.
You knew the following spells:

 Your Spells              Type           Power      Damage    Failure   Level
a - Mephitic Cloud        Conj/Pois/Air  9%         N/A       22%         3

Your spell library contained the following spells:

 Spells                   Type           Power      Damage    Failure   Level
 Magic Dart               Conj           76%        1d6       2%          1
 Beastly Appendage        Tmut           6%         N/A       13%         1
 Blink                    Tloc           6%         N/A       21%         2
 Call Imp                 Summ           3%         N/A       21%         2
 Wereblood                Tmut           3%         N/A       21%         2
 Lesser Beckoning         Tloc           3%         N/A       36%         3
 Spider Form              Tmut/Pois      3%         N/A       36%         3
 Cause Fear               Hex            1%         N/A       75%         4
 Manifold Assault         Tloc           3%         N/A       97%         5
 Dragon Form              Tmut           1%         N/A       100%        7
 Dragon's Call            Summ           1%         N/A       100%        9


Dungeon Overview and Level Annotations

Branches:
Dungeon (8/15)             Temple (1/1) D:5
   Lair: D:8-11

Altars:
Ashenzari
Cheibriados
Dithmenos
Fedhas
Gozag
Hepliaklqana
Kikubaaqudgha
Makhleb
Nemelex Xobeh
Okawaru
Qazlal
Sif Muna
Trog
Uskayaw
Vehumet
Wu Jian
Xom
Yredelemnul

Shops:
D:5 !   D:6 :

Annotations:
D:8 1 transporter, Valamore's ghost, novice FoFi


Innate Abilities, Weirdness & Mutations

You have sharp fingernails.
You sometimes gain a little power by taking damage.
You regenerate magic rapidly.
You are mostly covered in razor-sharp scales. (AC +2, Slay +2)


Message History

You feel a surge of power!
You miscast Mephitic Cloud.
You are very lightly contaminated with residual magic.
You feel odd!
You are poisoned.
You feel sick. The ogre closely misses you.
The moth of wrath goads the ogre on!
The ogre goes berserk!
You feel protected.
You feel sick. You block the ogre's attack. The ogre closely misses you.
The moth of wrath goads the two-headed ogre on!
The two-headed ogre goes berserk!
You feel yourself speed up.
You feel sick. The two-headed ogre misses you.
The two-headed ogre barely misses you. The ogre closely misses you.
The ogre misses you.
As you read the scroll of fear, it crumbles to dust.
You assume a fearsome visage.
The ogre is unaffected.
The two-headed ogre is unaffected.
The ogre looks frightened!
The moth of wrath looks frightened!
You feel sick.
You are no longer poisoned.
The two-headed ogre hits you but does no damage.
The two-headed ogre hits you with a +0 antimagic giant spiked club!
You focus on the pain.
You feel very mighty all of a sudden.
You feel your power leaking away.
You barely miss the ogre.
The ogre is moderately wounded.
The ogre barely misses you.
You puncture the ogre!
Your attack snaps the ogre out of its fear.
The ogre is severely wounded.
You block the two-headed ogre's attack. x2
You puncture the two-headed ogre!
The two-headed ogre is lightly wounded.
The ogre hits you with a +0 vorpal giant club!!
* * * LOW HITPOINT WARNING * * *
You focus on the pain.
You feel your power returning.
* * * LOW HITPOINT WARNING * * *
Unknown command.
You feel much better.
The two-headed ogre hits you with a +2 great mace of flaming!!!
You die...

#....##..#####.......###
#....#....##...........###
#....#....#....#####.....##
#....#....#..###...###....#
#######..##.....##...y..###..^#
....###..##..#..#.O..###..#..####
...............##....#§#..##.#...
...............#.O....[#.W.#.....
..............©#@OO#._$..yO#©....
.....##..##....#..#≈..$##..#.....
.....##..##....######.#≈#.##.....
......#...#.....##.#..#####......
......#...'.....##....#.###....##
......#...#.>.#..###gyO###.....##
.....##...#...#....#####.........
####'##...#...#..................
.........##..###.#......)#####..#


You could see a two-headed ogre (berserk), a moth of wrath (fleeing) and 3
ogres.

Vanquished Creatures
  A deep elf zephyrmancer (D:7)
  The ghost of nickcage the Tainter, a novice TeVM (D:5)
  3 yaks (D:8)
  A steam dragon (D:8)
  Edmund (D:4)
  A water moccasin (D:6)
  5 ice beasts
  A sky beast (D:7)
  2 black bears
  2 ogres (D:5)
  2 centaurs
  A kobold brigand (D:5)
  A gnoll sergeant (D:5)
  5 bullfrogs
  A necrophage (D:6)
  2 scorpions
  15 wights
  4 killer bees
  3 hounds
  2 orc priests
  3 gnoll boudas
  2 jellies
  Ijyb (D:4)
  An iguana (D:5)
  An orc wizard (D:5)
  22 gnolls
  4 adders
  A shadow imp (D:6)
  3 white imps
  An ufetubus (D:5)
  2 worms (D:2)
  4 dart slugs
  10 orcs
  6 ball pythons
  2 endoplasms (D:2)
  3 giant cockroaches
  2 goblins
  5 hobgoblins
  3 jackals
  9 kobolds
  5 quokkas
  2 bats
  A frilled lizard (D:1)
  9 rats
156 creatures vanquished.

Vanquished Creatures (collateral kills)
  An orc (D:5)
1 creature vanquished.

Grand Total: 157 creatures vanquished

Notes
Turn   | Place    | Note
-------+----------+-------------------------------------------
     0 | D:1      | IdlyInterested the Demonspawn Gladiator began the quest for
                  | the Orb.
     0 | D:1      | Reached XP level 1. HP: 16/16 MP: 1/1
   180 | D:1      | Reached skill level 3 in Short Blades
   195 | D:1      | Gained mutation: You are partially covered in razor-sharp
                  | scales. (AC +1, Slay +1) [demonic ancestry]
   195 | D:1      | Reached XP level 2. HP: 10/22 MP: 2/2
   975 | D:2      | Reached XP level 3. HP: 19/28 MP: 3/3
  1012 | D:2      | Reached skill level 4 in Short Blades
  1019 | D:2      | Gained mutation: You regenerate magic rapidly. [demonic
                  | ancestry]
  1019 | D:2      | Reached XP level 4. HP: 5/34 MP: 4/4
  1499 | D:2      | Found a faded altar of an unknown god.
  2285 | D:3      | Gained mutation: You are mostly covered in razor-sharp
                  | scales. (AC +2, Slay +2) [demonic ancestry]
  2285 | D:3      | Reached XP level 5. HP: 41/41 MP: 5/5
  2963 | D:4      | Noticed Edmund
  2987 | D:4      | Killed Edmund
  2988 | D:4      | Reached skill level 5 in Short Blades
  2988 | D:4      | Gained mutation: You have sharp fingernails. [demonic
                  | ancestry]
  2988 | D:4      | Reached XP level 6. HP: 22/48 MP: 3/6
  3362 | D:4      | Reached skill level 1 in Spellcasting
  3604 | D:4      | Gained mutation: You are clumsy. (Dex -2) [potion of
                  | mutation]
  3604 | D:4      | Lost mutation: You are clumsy. (Dex -2) [potion of
                  | mutation]
  3813 | D:4      | Noticed Ijyb
  3835 | D:4      | Killed Ijyb
  4244 | D:4      | Reached skill level 6 in Short Blades
  4568 | D:5      | Entered Level 5 of the Dungeon
  4708 | D:5      | Found a staircase to the Ecumenical Temple.
  4714 | D:5      | Reached XP level 7. HP: 44/54 MP: 7/10
  4767 | Temple   | Entered the Ecumenical Temple
  5146 | D:5      | Reached skill level 7 in Short Blades
  5146 | D:5      | Reached skill level 1 in Shields
  5146 | D:5      | Reached XP level 8. HP: 60/60 MP: 14/14
  5173 | D:5      | Found a runed translucent door.
  5173 | D:5      | Noticed nickcage's ghost (novice TeVM)
  5305 | D:5      | Found a shimmering blue altar of Sif Muna.
  5475 | D:5      | Found Liere's Distillery.
  6041 | D:5      | Killed nickcage's ghost
  6042 | D:5      | Reached skill level 8 in Short Blades
  6208 | D:5      | Learned a level 3 spell: Mephitic Cloud
  6461 | D:6      | Reached skill level 1 in Conjurations
  6508 | D:6      | Reached XP level 9. HP: 47/65 MP: 11/15
  6560 | D:6      | Reached skill level 9 in Short Blades
  6691 | D:6      | Found an iron altar of Okawaru.
  6691 | D:6      | Found a broken altar of Ashenzari.
  6740 | D:6      | Became a worshipper of Ashenzari the Shackled
  6981 | D:6      | Found Bojezxet's Tremendous Tomes.
  7173 | D:5      | Bought a potion of might for 60 gold pieces
  7173 | D:5      | Bought a potion of ambrosia for 120 gold pieces
  7544 | D:7      | Found a sparkling altar of Nemelex Xobeh.
  7759 | D:7      | Found a burning altar of Makhleb.
  7759 | D:7      | Found a faded altar of an unknown god.
  7767 | D:7      | Found a faded altar of an unknown god.
  7769 | D:7      | Found a radiant altar of Vehumet.
  7771 | D:7      | Found a hazy altar of Hepliaklqana.
  7887 | D:7      | Reached skill level 10 in Short Blades
  8241 | D:7      | Identified the +3 chain mail "Kacziq" {Will+}
  8428 | D:7      | Noticed a deep elf zephyrmancer
  8437 | D:7      | Killed a deep elf zephyrmancer
  8438 | D:7      | Reached skill level 11 in Short Blades
  8806 | D:5      | Bought a potion of heal wounds for 75 gold pieces
  8946 | D:8      | Found a transporter.
  8946 | D:8      | Found a transporter.
  8989 | D:8      | Gained mutation: You sometimes gain a little power by
                  | taking damage. [demonic ancestry]
  8989 | D:8      | Reached XP level 10. HP: 66/71 MP: 14/16
  9055 | D:7      | Reached * piety under Ashenzari
  9098 | D:8      | Noticed a two-headed ogre
  9100 | D:8      | Noticed Valamore's ghost (novice FoFi)
  9108 | D:8      | Noticed a moth of wrath
  9109 | D:8      | Found a bloodstained altar of Trog.
  9832 | D:8      | HP: 3/71 [ogre/+0 vorpal giant club (1)]
  9833 | D:8      | Slain by a two-headed ogre

Illustrated notes

Levels and vault maps discovered:
D:1:      tarquinn_simple_flora_water_e, layout_loops_ring, minmay_bisected
D:2:      layout_rooms, basic_altar, shapermc_ecumenical_altar_starsandcircs
D:3:      layout_basic
D:4:      layout_loops_corners, uniq_ijyb, uniq_edmund
D:5:      layout_basic, nicolae_sif_muna_condensation,
          minmay_temple_entry_wispy, serial_shops, shop,
          ebering_ghost_reflecting_pool
D:6:      layout_rooms, gammafunk_temple_overflow_elements,
          nicolae_shop_i_like_big_books, minivault_1
D:7:      layout_basic, chequers_temple_overflow_minitemple,
          kennysheep_little_box, guppyfry_early_elven_hall
D:8:      layout_gridville, gammafunk_ghost_wrathful_warriors
Temple:   nicolae_temple_superstar

Skill      XL: |  1  2  3  4  5  6  7  8  9 |
---------------+----------------------------+-----
Short Blades   | 3 4 5 6 7 8 11 | 11.8
Fighting       | 3 4 |  4.0
Spellcasting   | 2 4 |  4.0
Shields        | 1 4 |  4.0
Conjurations   | 1 4 |  4.0
Throwing       | |  1.7
Dodging        | |  2.6

Action                   |  1- 3 |  4- 6 |  7- 9 | 10-12 || total
-------------------------+-------+-------+-------+-------++-------
Melee: Rapier            |   103 |    50 |       |       ||   153
       Punch             |     2 |     1 |       |       ||     3
       Dagger            |       |   111 |   329 |    66 ||   506
Throw: Dart              |     1 |     2 |       |       ||     3
       Javelin           |     1 |       |       |       ||     1
       Throwing net      |       |     3 |       |       ||     3
 Cast: Mephitic Cloud    |       |       |       |     2 ||     2
Invok: Curse Item        |       |       |     1 |     1 ||     2
Evoke: Wand              |       |       |    20 |       ||    20
  Use: Potion            |     1 |     2 |       |     3 ||     6
       Scroll            |       |    16 |     4 |     2 ||    22
 Stab: Sleeping          |     1 |     1 |     1 |     2 ||     5
       Held in net/web   |       |     2 |       |       ||     2
       Confused          |       |       |       |     1 ||     1
Armor: Leather armour    |    28 |    17 |    24 |    17 ||    86
       Skin              |    28 |       |       |       ||    28
       Chain mail        |       |    35 |   119 |       ||   154
Dodge: Dodged            |    44 |    53 |    75 |    19 ||   191
Block: Buckler           |       |       |    52 |    14 ||    66

Table legend: (Time is in decaauts)
 A = Elapsed time spent in this place.
 B = Non-inter-level travel time spent in this place.
 C = Inter-level travel time spent in this place.
 D = Time resting spent in this place.
 E = Time spent auto-exploring this place.
 F = Levels seen in this place.
 G = Mean time per level.
                   A        B        C        D        E       F      G
               +--------+--------+--------+--------+--------+-----+--------+
         Total |   9656 |   8423 |   1233 |   1449 |   5111 |   9 | 1072.9 |
       Dungeon |   9435 |   8228 |   1207 |   1449 |   4932 |   8 | 1179.4 |
        Temple |    221 |    195 |     26 |      0 |    179 |   1 |  221.0 |
               +--------+--------+--------+--------+--------+-----+--------+

Top non-repeatable levels by time:
     D:5: 1756 daAuts
     D:7: 1501 daAuts
     D:4: 1495 daAuts
     D:3: 1224 daAuts
     D:1: 991 daAuts
     D:2: 991 daAuts
     D:8: 751 daAuts
     D:6: 721 daAuts
  Temple: 221 daAuts
